 Dungeon Crawl Stone Soup version 0.29-a0-1033-gb6c65ffae6 (webtiles) character file.

Game seed: 11021142258152716528

25 Zonian the Grave Robber (level 2, 0/19 HPs)
             Began as a Demonspawn Necromancer on Aug 14, 2022.
             Was a Follower of Makhleb.
             Slain by a hobgoblin (5 damage)
             ... on level 2 of the Dungeon.
             The game lasted 00:01:30 (1231 turns).

Zonian the Grave Robber (Demonspawn Necromancer)    Turns: 1231, Time: 00:01:30

Health: 0/19       AC:  2    Str:  8    XL:     2   Next: 82%
Magic:  4/5        EV: 11    Int: 16    God:    Makhleb [*.....]
Gold:   48         SH:  3    Dex: 13    Spells: 4/5 levels left

rFire   . . .      SeeInvis .   f - +0 short sword
rCold   . . .      Faith    .   i - +0 buckler
rNeg    . . .      Spirit   .   a - +0 robe
rPois   .          Reflect  .   (no helmet)
rElec   .          Harm     .   (no cloak)
rCorr   .          Rampage  .   (no gloves)
Will    .....                   (no boots)
Stlth   ++........              (no amulet)
HPRegen 0.06/turn               (no ring)
MPRegen 0.09/turn               (no ring)

@: mighty
A: powered by pain 1
a: Renounce Religion


You were on level 2 of the Dungeon.
You worshipped Makhleb.
Makhleb was aware of your devotion.
You visited 1 branch of the dungeon, and saw 2 of its levels.

You collected 48 gold pieces.

Inventory:

Hand Weapons
 f - a +0 short sword (weapon)
Armour
 a - a +0 robe (worn)
 i - a +0 buckler (worn)
Scrolls
 e - a scroll of magic mapping {unknown}
 h - a scroll of teleportation {unknown}
 j - a scroll of immolation {unknown}
 k - a scroll of identify {unknown}
 l - a scroll of enchant armour {unknown}
 m - a scroll of amnesia {unknown}
Potions
 b - a potion of magic
 c - a potion of degeneration {unknown}
 d - a potion of brilliance {unknown}
 g - a potion of lignification {unknown}
 n - a potion of invisibility {unknown}


   Skills:
 + Level 2.1 Dodging
 + Level 2.2 Stealth
 + Level 2.3 Spellcasting
 + Level 4.7 Necromancy


You had 4 spell levels left.
You knew the following spells:

 Your Spells              Type           Power      Damage    Failure   Level
a - Necrotise             Necr           64%        1d7       4%          1

Your spell library contained the following spells:

 Spells                   Type           Power      Damage    Failure   Level
 Vampiric Draining        Necr           16%        2d7       12%         3
 Animate Dead             Necr           16%        N/A       36%         4
 Agony                    Necr           16%        N/A       73%         5


Dungeon Overview and Level Annotations

Branches:
Dungeon (2/15)

Altars:
Makhleb


Innate Abilities, Weirdness & Mutations

You sometimes gain a little power by taking damage.


Message History

You kill the worm!
Makhleb accepts your kill.
Unknown command.
Magic restored.
HP restored.
You see here a worm corpse.
Found an escape hatch in the floor.
A bat comes into view.
Unknown command.
A worm comes into view.
A bat comes into view.
The bat hits you.
A ball python comes into view.
The bat hits you but does no damage. The bat hits you but does no damage.
The bat misses you.
A hobgoblin comes into view.
The bat barely misses you. x2
You hit the bat.
You kill the bat!
Makhleb accepts your kill. The bat hits you.
The ball python hisses angrily.
The worm bites you!
Ouch! That really hurt!
You focus on the pain.
You feel very mighty all of a sudden. The bat hits you.
You see here a bat corpse.
The bat attacks as you move away! The bat hits you.
* * * LOW HITPOINT WARNING * * *
The bat barely misses you. x2
Okay, then.
Casting: Necrotise (safe; 4% risk of failure)
Confirm with . or Enter, or press ? or * to list all spells.
Aiming: Necrotise (safe; 4% risk of failure)
Press: ? - help, Shift-Dir - straight line, f - hobgoblin
Aim: a hobgoblin (chance to affect: 86%)
The hobgoblin writhes in agony.
The bat barely misses you. The hobgoblin hits you.
You die...

.## #####..##
#.......#
#.......#
########.......##
#.......S.......#
#........†......#
#.....g.w.......#
#####.@b........
#...........
#...........
#....####...
#..>.# ... #....#
.. #....# ##....#
#.....#


You could see a worm, a hobgoblin, a bat and a ball python.

Vanquished Creatures
  A worm (D:2)
  A dart slug (D:1)
  A ball python (D:1)
  3 bats
  An endoplasm (D:1)
  2 hobgoblins (D:1)
  5 kobolds (D:1)
  2 quokkas (D:1)
  3 rats (D:1)
19 creatures vanquished.

Notes
Turn   | Place    | Note
-------+----------+-------------------------------------------
     0 | D:1      | Zonian the Demonspawn Necromancer began the quest for the
                  | Orb.
     0 | D:1      | Reached XP level 1. HP: 13/13 MP: 3/3
   322 | D:1      | Gained mutation: You sometimes gain a little power by
                  | taking damage. [demonic ancestry]
   322 | D:1      | Reached XP level 2. HP: 19/19 MP: 0/5
   512 | D:1      | Found a faded altar of an unknown god.
   692 | D:1      | Prayed at the altar of an unknown god.
   692 | D:1      | Became a worshipper of Makhleb the Destroyer
   692 | D:1      | Reached * piety under Makhleb
  1231 | D:2      | Slain by a hobgoblin

Illustrated notes

Levels and vault maps discovered:
D:1:      tarquinn_simple_flora_water_b, layout_loops_cross,
          hellmonk_ecumenical_altar_run_dry
D:2:      layout_basic, serial_shops, nicolae_shop_crystal,
          nicolae_shop_hallway_plus,
          nicolae_shop_temple_entry_statues_fountains, shop, shop,
          minmay_domino_2

Skill      XL: |  1 |
---------------+----+-----
Stealth        | 2 |  2.2
Dodging        | 2 |  2.1
Spellcasting   | |  2.3
Necromancy     | |  4.7

Action                   || total
-------------------------++-------
Melee: Short sword       ||    16
 Cast: Necrotise         ||    30
 Stab: Sleeping          ||     1
Armor: Robe              ||    11
Dodge: Dodged            ||    18
Block: Buckler           ||     2

Table legend: (Time is in decaauts)
 A = Elapsed time spent in this place.
 B = Non-inter-level travel time spent in this place.
 C = Inter-level travel time spent in this place.
 D = Time resting spent in this place.
 E = Time spent auto-exploring this place.
 F = Levels seen in this place.
 G = Mean time per level.
                   A        B        C        D        E       F      G
               +--------+--------+--------+--------+--------+-----+--------+
         Total |   1232 |   1183 |     49 |    164 |    860 |   2 |  616.0 |
       Dungeon |   1232 |   1183 |     49 |    164 |    860 |   2 |  616.0 |
               +--------+--------+--------+--------+--------+-----+--------+

Top non-repeatable levels by time:
     D:1: 1122 daAuts
     D:2: 109 daAuts
